 Dungeon Crawl Stone Soup version 0.28.0-43-g3370ac3207 (webtiles) character file.

Game seed: 11548605576801723518

63 saw2855 the Chopper (level 3, -2/33 HPs)
             Began as a Minotaur Berserker on Mar 10, 2022.
             Was a Believer of Trog.
             Killed from afar by an orc wizard (7 damage)
             ... with a magic dart
             ... on level 3 of the Dungeon.
             The game lasted 00:10:12 (2016 turns).

saw2855 the Chopper (Minotaur Berserker)            Turns: 2016, Time: 00:10:12

Health: -2/33      AC:  2    Str: 23    XL:     3   Next: 89%
Magic:  2/2        EV: 12    Int: 10    God:    Trog [**....]
Gold:   48         SH:  0    Dex:  9    Spells: 2/2 levels left

rFire   + . .      SeeInvis .   d - +3 whip
rCold   . . .      Faith    .   (no shield)
rNeg    . . .      Spirit   .   b - +0 animal skin
rPois   .          Reflect  .   (helmet restricted)
rElec   .          Harm     .   (no cloak)
rCorr   .          Rampage  .   (no gloves)
Will    .....                   (no boots)
Stlth   +.........              (no amulet)
HPRegen 0.11/turn               c - ring of protection from fire
MPRegen 0.08/turn               e - +6 ring of intelligence

@: no status effects
A: horns 2, retaliatory headbutt
a: Renounce Religion, Berserk, Trog's Hand


You were on level 3 of the Dungeon.
You worshipped Trog.
Trog was pleased with you.
You visited 1 branch of the dungeon, and saw 3 of its levels.

You collected 48 gold pieces.

Inventory:

Hand Weapons
 a - a +0 hand axe
 d - a +3 whip (weapon)
Armour
 b - a +0 animal skin (worn)
Jewellery
 c - a ring of protection from fire (left hand)
 e - a +6 ring of intelligence (right hand)
Scrolls
 h - 3 scrolls of identify
 i - a scroll of vulnerability {unknown}
Potions
 f - 2 potions of curing {unknown}
 g - a potion of mutation {unknown}


   Skills:
 + Level 4.2 Fighting
 - Level 4.3(4.6) Axes
 * Level 2.1(3.5) Maces & Flails
 + Level 2.6 Armour
 + Level 2.6 Dodging
 + Level 0.1 Stealth


You had 2 spell levels left.
You didn't know any spells.
Your spell library was empty.

Dungeon Overview and Level Annotations

Branches:
Dungeon (3/15)

Altars:

Shops:
D:2 [

Annotations:
D:2 has armour shop


Innate Abilities, Weirdness & Mutations

You have a pair of horns on your head.
You reflexively headbutt those who attack you in melee.


Message History

Something tries to affect you, but you resist.
You bump into the rock wall.
Something hits you but does no damage. Something hits you. x2
You're too confused to move!
Something hits you but does no damage. Something completely misses you.
You miss something.
You feel less confused. Something hits you but does no damage.
You miss something. Your headbutt misses something. Something hits you. x2
You barely miss something. You headbutt something!
You hear some strange, mumbled words.
You are confused.
Something hits you but does no damage.
You closely miss something. Something hits you. x2
You're too confused to move!
Something hits you. x2
There is a stone staircase leading up here.
You miss something. Your headbutt misses something. Something hits you.
You feel less confused. Something hits you. Something hits you.
You hit something. Something hits you.
* * * LOW HITPOINT WARNING * * *
Something hits you.
* * * LOW HITPOINT WARNING * * *
You hit something but do no damage. Something hits you.
* * * LOW HITPOINT WARNING * * *
You hear some strange, mumbled words.
A puff of flame appears from out of thin air!
The puff of flame misses you.
You hit something. Your punch misses something.
An orc wizard appears from thin air!
Reactivating autopickup.
The orc wizard hits you with a +0 dagger.
* * * LOW HITPOINT WARNING * * *
You hear some strange, mumbled words.
A magic dart appears from out of thin air!
Deactivating autopickup; reactivate with Ctrl-A.
The magic dart hits you!
You die...

### ... #.#
#.# #.#
...#######.###
.......@{Jo.[#
.......#o#S###
###....#.#.#
#....#.#SJ
#....#.....
#....###....
#.... #.....
#.... #.##..#


You could see an orc wizard, an adder, an orc and an endoplasm.

Vanquished Creatures
  An adder (D:2)
  2 worms (D:2)
  3 dart slugs
  An orc (D:3)
  4 endoplasms
  2 giant cockroaches
  4 hobgoblins
  2 quokkas
  5 ball pythons
  2 bats (D:1)
  A frilled lizard (D:1)
  4 goblins
  6 kobolds
  4 rats
41 creatures vanquished.

Notes
Turn   | Place    | Note
-------+----------+-------------------------------------------
     0 | D:1      | saw2855 the Minotaur Berserker began the quest for the Orb.
     0 | D:1      | Reached XP level 1. HP: 19/19 MP: 0/0
   308 | D:1      | Found a faded altar of an unknown god.
   315 | D:1      | Reached XP level 2. HP: 24/27 MP: 1/1
   800 | D:1      | Reached skill level 1 in Maces & Flails
  1179 | D:2      | Found Titsutt's Armour Boutique.
  1183 | D:2      | Reached ** piety under Trog
  1184 | D:2      | Reached XP level 3. HP: 14/33 MP: 2/2
  2016 | D:3      | Killed from afar by an orc wizard

Illustrated notes

Levels and vault maps discovered:
D:1:      dpeg_arrival_pond, layout_basic,
          shapermc_ecumenical_altar_starsandcircs
D:2:      layout_basic, serial_corexii_hall, corexii_hall_statues_i,
          corexii_hall_statues_i, corexii_hall_statues_x, serial_shops,
          nicolae_shop_trees
D:3:      layout_basic, gammafunk_ghost_cemetery, serial_glass, glass_columns_b,
          glass_columns_a, kennysheep_boxes

Skill      XL: |  1  2  3 |
---------------+----------+-----
Axes           | 4 |  4.3
Maces & Flails | 1 2 |  2.1
Fighting       | 4 |  4.2
Armour         | |  2.6
Dodging        | |  2.6
Stealth        | |  0.1

Action                   || total
-------------------------++-------
Melee: Hand axe          ||    31
       Headbutt          ||    14
       Whip              ||    70
       Punch             ||     1
  Use: Scroll            ||     2
Armor: Animal skin       ||    19
Dodge: Dodged            ||    50
